 Dungeon Crawl Stone Soup version 0.18-a0-824-g47fe746 (webtiles) character file.

65 Raultor the Slasher (level 3, -5/28 HPs)
             Began as a Demonspawn Gladiator on Dec 17, 2015.
             Killed from afar by Sigmund (9 damage)
             ... with a puff of flame
             ... on level 2 of the Dungeon.
             The game lasted 00:03:50 (2279 turns).

Raultor the Slasher (Demonspawn Gladiator)          Turns: 2279, Time: 00:03:50

Health: -5/28      AC:  5    Str: 20    XL:     3   Next: 94%
Magic:  3/3        EV: 13    Int:  9    God:
Gold:   107        SH:  0    Dex: 14    Spells: 0 memorised, 2 levels left

rFire  . . .     SeeInvis .     a - +0 long sword
rCold  . . .     Gourm    .     b - +0 leather armour
rNeg   . . .     Faith    .     (no shield)
rPois  .         Spirit   .     c - +0 helmet
rElec  .         Dismiss  .     (no cloak)
rCorr  .         Reflect  .     j - +0 pair of gloves
SustAt .         Harm     .     (no boots)
MR     .....                    (no amulet)
Stlth  +.........               (no ring)
                                (no ring)

@: mighty, not resistant to hostile enchantments, very unstealthy
A: powered by pain 1
a: no special abilities


You were on level 2 of the Dungeon.
You were not hungry.

You visited 1 branch of the dungeon, and saw 2 of its levels.

You collected 107 gold pieces.

Inventory:

Hand Weapons
 a - a +0 long sword (weapon)
Missiles
 d - 3 throwing nets {=f, !d}
Armour
 b - a +0 leather armour (worn)
 c - a +0 helmet (worn)
 j - a +0 pair of gloves (worn)
   (You found it on level 1 of the Dungeon)
Scrolls
 e - 2 scrolls of noise {unknown}
 h - a scroll of enchant armour {unknown}
 i - 4 scrolls of identify {unknown}
 l - a scroll of remove curse {unknown}
 m - a scroll of magic mapping {unknown}
 n - a scroll of teleportation {unknown}
Comestibles
 f - 2 bread rations {@e1}
 k - a meat ration {@e2}


   Skills:
 + Level 2.7 Fighting
 * Level 3.3 Long Blades
 - Level 1.7 Throwing
 + Level 1.0 Armour
 + Level 3.1 Dodging


You had 2 spell levels left.
You didn't know any spells.

Dungeon Overview and Level Annotations

Branches:
Dungeon (2/15)

Altars:

Annotations:
D:2 Sigmund


Innate Abilities, Weirdness & Mutations

You sometimes gain a little power by taking damage.


Message History

The giant gecko bites you but does no damage.
The kobold hits you with a short sword of holy wrath.
You convulse.
The giant gecko completely misses you.
You take 1 damage, and have 26/28 hp.
You slash the giant gecko!
You kill the giant gecko!
The kobold completely misses you.
You closely miss the kobold.
The kobold hits you with a short sword of holy wrath.
You convulse.
You take 5 damage, and have 21/28 hp.
You slash the kobold!
You kill the kobold!
No target in view!
No target in view!
No target in view!
No target in view!
Things that are here:
a short sword of holy wrath; a stone You see here a giant gecko corpse.
You butcher the giant gecko corpse.
g - 5 chunks of flesh {@w0} (gained 2)
You see here a giant gecko skeleton.
k - a meat ration {@e2}
l - a scroll labeled YDDUROY RICARPH Health restored: 28 Eating one of 5 chunks of flesh {@w0}.
You continue eating. x2
You now have 98 gold pieces (gained 16).
m - a scroll labeled AGIFRE LIDD
Found a stone staircase leading down.
You now have 107 gold pieces (gained 9).
A rat comes into view.
A kobold comes into view.
The kobold shouts!
The kobold throws a stone.
The stone hits you but does no damage.
You see here a stone.
You closely miss the rat. The rat bites you but does no damage.
You hit the rat. The rat closely misses you.
You hit the rat.
You kill the rat!
The kobold barely misses you.
You barely miss the kobold. The kobold hits you but does no damage.
The kobold misses you.
You slash the kobold!
You kill the kobold!
No target in view!
n - a scroll labeled CAODAO TEOSO A worm comes into view.
Some of the chunks of flesh in your inventory have rotted away.
You barely miss the worm. The worm misses you.
You hit the worm. You hit the worm. The worm barely misses you.
You hit the worm. The worm bites you!
You take 8 damage, and have 20/28 hp.
MASSIVE DAMAGE!!
You barely miss the worm. You slash the worm! The worm bites you!
You take 8 damage, and have 12/28 hp.
MASSIVE DAMAGE!!
You hit the worm.
You kill the worm!
You start resting.
A worm comes into view.
You regained 2 hp, and now have 14/28 hp.
Some of the chunks of flesh in your inventory have rotted away.
You slash the worm! You slash the worm!
You kill the worm!
You start resting.
All of the chunks of flesh in your inventory have rotted away.
Health restored: 28
Found an escape hatch in the ceiling.
Sigmund is too close now for your liking.
You aren't carrying any potions.
You aren't carrying any items that can be evoked.
Sigmund misses you.
Sigmund hits you with a scythe of venom!
You focus on the pain.
You feel very mighty all of a sudden.
You take 12 damage, and have 16/28 hp.
MASSIVE DAMAGE!!
You hit Sigmund. Sigmund closely misses you.
You slash Sigmund! You closely miss Sigmund. Sigmund misses you.
You barely miss Sigmund.
Sigmund points at you and mumbles some strange words.
The puff of flame hits you!
You take 5 damage, and have 11/28 hp.
You closely miss Sigmund. Sigmund casts a spell at you.
The magic dart hits you!
* * * LOW HITPOINT WARNING * * *
You take 7 damage, and have 4/28 hp.
MASSIVE DAMAGE!!
You slash Sigmund!
Sigmund points at you and mumbles some strange words.
The puff of flame hits you!
You die...

#....##....†....#
#....##.#.......#
#####....##.#.......#
#.......<##.#.......#
#.###....##.#.......#
#........##.#########
#..##...@##.# ...
#...@##.#
.##.....##...#
#####.#..........
..#..#######. .....#
....## #..<. #####


You could see Sigmund.

Vanquished Creatures
  2 adders
  3 worms
  2 giant geckos (D:2)
  2 bats (D:1)
  3 giant cockroaches
  4 goblins
  5 hobgoblins (D:1)
  2 jackals (D:1)
  4 giant newts
  8 kobolds
  2 rats (D:2)
37 creatures vanquished.

Notes
Turn   | Place    | Note
--------------------------------------------------------------
     0 | D:1      | Raultor the Demonspawn Gladiator began the quest for the Orb.
     0 | D:1      | Reached XP level 1. HP: 16/16 MP: 1/1
   336 | D:1      | Reached skill level 3 in Long Blades
   445 | D:1      | Gained mutation: You sometimes gain a little power by taking damage. [demonic ancestry]
   445 | D:1      | Reached XP level 2. HP: 12/22 MP: 2/2
   459 | D:1      | HP: 4/22 [hobgoblin/club (5)]
   478 | D:1      | HP: 1/22 [kobold/club (5)]
   749 | D:1      | Reached skill level 1 in Armour
  1109 | D:1      | Reached skill level 3 in Dodging
  1109 | D:1      | Reached XP level 3. HP: 24/28 MP: 3/3
  1440 | D:2      | Noticed Sigmund
  1449 | D:1      | HP: 7/28 [poisoned by Sigmund]
  1456 | D:1      | HP: 5/28 [poisoned by Sigmund]
  1463 | D:1      | HP: 3/28 [poisoned by Sigmund]
  1471 | D:1      | HP: 2/28 [poisoned by Sigmund]
  2278 | D:2      | HP: 4/28 [Sigmund/magic dart (7)]
  2279 | D:2      | Killed from afar by Sigmund

Vault maps used:
D:1:      lemuel_arrival_funnel, serial_co_window_serial,
          co_window_of_opportunity_a, co_window_corner_a,
          co_window_of_opportunity_a, co_window_corner_a, co_window_paths_a,
          co_window_unsneaky_path_e, co_window_2corner, co_window_corner_b,
          co_window_paths_d, co_window_4corner_b, glass_columns_c,
          glass_columns_b, glass_columns_a
D:2:      elyvilon_altar_1, uniq_sigmund

Action                   || total
-------------------------++-------
Melee: Long sword        ||   114
  Eat: Chunk             ||     4

Vault maps used:
D:1:      lemuel_arrival_funnel, serial_co_window_serial,
          co_window_of_opportunity_a, co_window_corner_a,
          co_window_of_opportunity_a, co_window_corner_a, co_window_paths_a,
          co_window_unsneaky_path_e, co_window_2corner, co_window_corner_b,
          co_window_paths_d, co_window_4corner_b, glass_columns_c,
          glass_columns_b, glass_columns_a
D:2:      elyvilon_altar_1, uniq_sigmund

Table legend:
 A = Turns spent in this place as a percentage of turns spent in the entire game.
 B = Non-inter-level travel turns spent in this place as a percentage of non-inter-level travel turns spent in the entire game.
 C = Inter-level travel turns spent in this place as a percentage of turns spent in this place.
 D = Turns resting spent in this place as a percentage of non-inter-level travel turns spent in this place.
 E = Turns spent auto-exploring this place as a percentage of non-inter-level travel turns spent in this place.
 F = Non-inter-level travel turns spent in this place divided by the number of levels of this place that you've seen.
                   A       B       C       D       E      F
               +-------+-------+-------+-------+-------+----------------------
         Total | 100.0 | 100.0 |   0.6 |   4.4 |  13.7 | 157.5
       Dungeon | 100.0 | 100.0 |   0.6 |   4.4 |  13.7 | 157.5
               +-------+-------+-------+-------+-------+----------------------

Table legend:
 A = Kills in this place as a percentage of kills in entire the game.
 B = Kills by you in this place as a percentage of kills by you in the entire game.
 C = Kills by friends in this place as a percentage of kills by friends in the entire game.
 D = Other kills in this place as a percentage of other kills in the entire game.
 E = Experience gained in this place as a percentage of experience gained in the entire game.
 F = Experience gained in this place divided by the number of levels of this place that you have seen.
                   A       B       C       D       E      F
               +-------+-------+-------+-------+-------+----------------------
         Total | 100.0 | 100.0 |  -nan |  -nan | 100.0 |  47.0
       Dungeon | 100.0 | 100.0 |  -nan |  -nan | 100.0 |  47.0
               +-------+-------+-------+-------+-------+----------------------
